 Dungeon Crawl Stone Soup version 0.30-a0-586-g23e55c9e0a (console) character file.

Game seed: 10497717816103736766

2 petzl the Sneak (level 1, -1/18 HPs)
             Began as a Formicid Delver on Jan 4, 2023.
             Was an Initiate of Vehumet.
             Slain by a yak (14 damage)
             ... on level 11 of the Dungeon.
             The game lasted 00:05:29 (452 turns).

petzl the Sneak (Formicid Delver)                    Turns: 452, Time: 00:05:29

Health: -1/18      AC:  3    Str: 16    XL:     1   Next: 33%
Magic:  1/1        EV: 12    Int:  9    God:    Vehumet [......]
Gold:   23         SH:  0    Dex: 15    Spells: 1/1 levels left

rFire   . . .      SeeInvis +    a - +0 mace
rCold   . . .      Faith    .    (no shield)
rNeg    . . .      Spirit   .    b - +0 leather armour
rPois   .          Reflect  .    (helmet unavailable)
rElec   .          Harm     .    (no cloak)
rCorr   .          Rampage  .    (no gloves)
Will    .....                    (no boots)
Stlth   +++                      (no amulet)
HPRegen 0.23/turn                (no ring)
MPRegen 0.07/turn                (no ring)

@: attractive
A: permanent stasis, dig shafts and tunnels, antennae 3, four strong arms
a: Dig, Shaft Self, Renounce Religion


You were on level 11 of the Dungeon.
You worshipped Vehumet.
Vehumet was noncommittal.
You visited 2 branches of the dungeon, and saw 7 of its levels.

You collected 23 gold pieces.

Inventory:

Hand Weapons
 a - a +0 mace (weapon)
Missiles
 j - 7 stones
Armour
 b - a +0 leather armour (worn)
 h - a scarf of harm
Wands
 g - a wand of digging (3)
Scrolls
 c - a scroll of fog
 d - a scroll of magic mapping
 e - a scroll of fear
Potions
 f - a potion of heal wounds
 i - a potion of attraction
 k - a potion of might {unknown}
 l - 2 potions of brilliance {unknown}


   Skills:
 - Level 3.2 Fighting
 - Level 2.0 Maces & Flails
 - Level 1.7 Dodging
 - Level 6.0 Stealth
 + Level 0.6 Spellcasting


You had one spell level left.
You didn't know any spells.
Your spell library was empty.

Dungeon Overview and Level Annotations

Branches:
Dungeon (9/15)             Temple (1/1) D:5
   Lair: D:8-11         Orc: D:9-12

Altars:
Elyvilon
Gozag
Kikubaaqudgha
Vehumet

Annotations:
D:5 exclusion: hound
D:6 exclusions: downstairs, hound and wight
D:9 1 transporter


Innate Abilities, Weirdness & Mutations

You cannot be hasted, slowed, berserked, paralysed or teleported.
You can dig through walls and to a lower floor.
You have a pair of large antennae on your head. (SInv)
Your four strong arms can wield two-handed weapons with a shield.


Message History

Okay, then.
Unknown command.
Unknown command.
It was a potion of heal wounds.
You feel much better.
It was a potion of attraction.
You feel attractive to monsters.
A bullfrog comes into view.
The scorpion is attracted toward you. The bullfrog is attracted toward you.
Are you sure you want to shaft yourself?
The scorpion closely misses you.
You begin to dig a shaft.
You continue digging a shaft.
The bullfrog hits you! The scorpion stings you. The bullfrog misses you.
The killer bee is attracted toward you. A shaft appears beneath you!
You fall into a shaft and drop 2 floors!
The shaft crumbles and collapses.
Found a sedimented black potion.
Found 2 coppery potions.
k - a sedimented black potion
There are no items here.
You enter the shallow water.
Moving in this stuff is going to be slow. 2 yaks come into view.
The sentinel's mark upon you fades away.
The yak is attracted toward you. x2
The yak is attracted toward you. x2
You see here 2 coppery potions.
l - 2 coppery potions An orc comes into view.
It is wielding a +0 falchion.
The orc is attracted toward you. 2 yaks come into view.
The yak is attracted toward you. x3
The yak bellows! x2; You hear a bellow! x2
An orc wizard comes into view. It is wielding a +0 dagger.
The yak is attracted toward you. x2; The orc wizard is attracted toward you.
The yak is attracted toward you. The orc wizard is attracted toward you.
Are you sure you want to shaft yourself?
The yak gores you!
Ouch! That really hurt!
You die...

§.... ......#
## ....... ..
.......####.
.....§.....
{#..~~.§{. {
#...~~.Y#######
{
#...~oYY@....#
#..~~.o#####.#
{ #...~§.......
# #......#####.
#.####.######
#.{.§.........
######.#######
..# ###


You could see 3 yaks, an orc wizard and an orc.

Vanquished Creatures
  An orc (D:5)
1 creature vanquished.

Vanquished Creatures (others)
  16 fungi (D:9)
  18 plants (D:9)
34 creatures vanquished.

Grand Total: 35 creatures vanquished

Notes
Turn   | Place    | Note
-------+----------+-------------------------------------------
     0 | D:5      | petzl the Formicid Delver began the quest for the Orb.
     0 | D:5      | Reached XP level 1. HP: 18/18 MP: 1/1
    22 | D:5      | Noticed a hound
    26 | D:5      | Noticed an orc wizard
   136 | D:6      | Noticed a wight
   157 | D:7      | Noticed a black bear
   221 | D:6      | Noticed a hound
   285 | D:7      | Noticed a centaur
   308 | D:5      | Found a staircase to the Ecumenical Temple.
   314 | Temple   | Entered the Ecumenical Temple
   318 | Temple   | Became a worshipper of Vehumet
   326 | D:5      | Noticed a hound
   410 | D:5      | You fall into a shaft and drop 3 floors!
   412 | D:8      | Noticed a water moccasin
   413 | D:8      | Noticed an orc wizard
   414 | D:8      | Noticed a bullfrog
   415 | D:8      | You fall into a shaft and drop 1 floor!
   415 | D:9      | Found a transporter.
   434 | D:9      | Noticed a scorpion
   437 | D:9      | Noticed a bullfrog
   439 | D:9      | Noticed a killer bee
   440 | D:9      | You fall into a shaft and drop 2 floors!
   446 | D:11     | Noticed a yak
   446 | D:11     | Noticed a yak
   449 | D:11     | Noticed a yak
   449 | D:11     | Noticed a yak
   450 | D:11     | Noticed an orc wizard
   452 | D:11     | Slain by a yak

Illustrated notes

Levels and vault maps discovered:
D:5:      layout_cave_pods, minmay_temple_entry_hall, cheibrodos_gnoll_hut
D:6:      layout_loops_ring, st_stairs_11, nicolae_underground_beach
D:7:      layout_loops_ring, hellmonk_guarded_unrand_frostbite
D:8:      layout_basic, st_stairs_6, kennysheep_windowed_goal
D:9:      gammafunk_cloud_chamber, layout_small_grid,
          minmay_overflow_temple_hex, due_lair_maze_entry_diamond,
          hellmonk_ghost_happy_afterlife
D:11:     layout_basic, dk_vineyard_3, uniq_gastronok
Temple:   zaba_magenta_temple

Action                   || total
-------------------------++-------
Melee: Mace              ||    10
 Abil: Shaft Self        ||     4
  Use: Potion            ||     2
Armor: Leather armour    ||     1
Dodge: Dodged            ||     9

Table legend: (Time is in decaauts)
 A = Elapsed time spent in this place.
 B = Non-inter-level travel time spent in this place.
 C = Inter-level travel time spent in this place.
 D = Time resting spent in this place.
 E = Time spent auto-exploring this place.
 F = Levels seen in this place.
 G = Mean time per level.
                   A        B        C        D        E       F      G
               +--------+--------+--------+--------+--------+-----+--------+
         Total |    456 |    456 |      0 |     65 |     22 |   7 |   65.1 |
       Dungeon |    447 |    447 |      0 |     65 |     22 |   6 |   74.5 |
        Temple |      8 |      8 |      0 |      0 |      0 |   1 |    8.0 |
               +--------+--------+--------+--------+--------+-----+--------+

Top non-repeatable levels by time:
     D:6: 222 daAuts
     D:5: 169 daAuts
     D:9: 24 daAuts
     D:7: 13 daAuts
    D:11: 12 daAuts
  Temple: 8 daAuts
     D:8: 4 daAuts
